 Dungeon Crawl Stone Soup version 0.27.1 (webtiles) character file.

Game seed: 10858871382018861931

492 Gwenloh the Chopper (level 6, 0/48 HPs)
             Began as a Demigod Warper on Aug 22, 2021.
             Slain by a scorpion (2 damage)
             ... on level 4 of the Dungeon.
             The game lasted 00:10:40 (6076 turns).

Gwenloh the Chopper (Demigod Warper)                Turns: 6076, Time: 00:10:40

Health: 0/48       AC:  6    Str: 12    XL:     6   Next: 60%
Magic:  11/11      EV: 11    Int: 19    God:
Gold:   194        SH:  0    Dex: 17    Spells: 6/8 levels left

rFire    . . .     SeeInvis .   h - +0 war axe
rCold    . . .     Faith    .   (no shield)
rNeg     + . .     Spirit   .   p - +0 ring mail
rPois    .         Reflect  .   (no helmet)
rElec    .         Harm     .   (no cloak)
rCorr    .         Rampage  .   n - +0 pair of gloves
Will     .....                  (no boots)
Stlth    +.........             (no amulet)
HPRegen  0.16/turn              x - ring of positive energy
MPRegen  0.12/turn              (no ring)

@: lethally poisoned (0 -> -2)
A: high mp 1, forlorn
a: no special abilities


You were on level 4 of the Dungeon.
You visited 1 branch of the dungeon, and saw 5 of its levels.

You collected 194 gold pieces.

Inventory:

Hand Weapons
 h - a +0 war axe (weapon)
 k - a +1 flail of protection
Missiles
 d - 5 boomerangs of dispersal
 g - 14 boomerangs (quivered)
 j - 103 stones
Armour
 a - a +0 scale mail
 b - a +0 leather armour
 n - a +0 pair of gloves (worn)
 p - a +0 ring mail (worn)
Jewellery
 x - a ring of positive energy (left hand)
Scrolls
 c - a scroll of blinking
 o - a scroll of immolation
 r - a scroll of fear
 s - a scroll of teleportation
 t - a scroll of silence {unknown}
 v - a scroll of fog {unknown}
Potions
 e - a potion of heal wounds {unknown}
 f - 3 potions of haste
 i - a potion of curing
 l - a potion of cancellation {unknown}
 m - a potion of attraction {unknown}
 q - a potion of lignification {unknown}
 u - a potion of mutation {unknown}
 w - a potion of might {unknown}
 z - a potion of ambrosia {unknown}


   Skills:
 + Level 2.0 Fighting
 + Level 5.9 Axes
 - Level 0.8 Throwing
 + Level 3.1 Armour
 + Level 2.0 Dodging
 - Level 1.7 Spellcasting
 - Level 2.6 Translocations


You had 6 spell levels left.
You knew the following spells:

 Your Spells              Type           Power      Damage    Failure   Level
a - Blink                 Tloc           N/A        N/A       19%         2

Your spell library contained the following spells:

 Spells                   Type           Power      Damage    Failure   Level
 Gell's Gravitas          Tloc           5%         N/A       36%         3
 Lesser Beckoning         Tloc           5%         N/A       36%         3
 Teleport Other           Tloc           11%        N/A       36%         3
 Manifold Assault         Tloc           11%        N/A       98%         5


Dungeon Overview and Level Annotations

Branches:
Dungeon (5/15)
 Temple: D:4-7


Innate Abilities, Weirdness & Mutations

Your attributes grow dramatically as you level up.
You have an increased reservoir of magic. (+10% MP)
You shall have no god before yourself.


Message History

HP restored.
You feel very sick. The scorpion stings you!
You are more poisoned.
The scorpion poisons you!
The hound zombie bites you but does no damage.
The scorpion stings you but does no damage.
You climb upwards.
You feel very sick.
There is a stone staircase leading down here.
It was a potion of curing.
You feel better. The scorpion barely misses you.
Your ring mail prevents you from hitting the scorpion.
The scorpion is lightly wounded.
The scorpion stings you.
You hit the scorpion but do no damage.
The scorpion is lightly wounded.
The scorpion stings you. x2
You are poisoned.
The scorpion poisons you!
You closely miss the scorpion.
The scorpion is lightly wounded.
You feel very sick. The scorpion completely misses you.
You barely miss the scorpion.
The scorpion is lightly wounded.
You feel sick. The scorpion stings you. The scorpion barely misses you.
You hit the scorpion.
The scorpion is moderately wounded.
You feel sick. The scorpion stings you!
* * * LOW HITPOINT WARNING * * *
You hit the scorpion but do no damage.
The scorpion is moderately wounded.
You feel sick.
The scorpion stings you but does no damage.
You hit the scorpion.
The scorpion is moderately wounded.
You feel sick. The scorpion stings you.
* * * LOW HITPOINT WARNING * * *
The scorpion stings you.
You die...

#.#.# #.#.### #.#.#..
#.#.#.# #.#.#.< #.#.#..
##.#.#.. ###########....#..
#@s...............
####################....#..
#.....................#.#..
#.###################.#.###
#.# #.#.... #.# #.##### #.#
#.#.... #.# #.#.### #.#
#.#.#


You could see a scorpion.

Vanquished Creatures
  Sigmund (D:4)
  A necrophage (D:2)
  A hound (D:4)
  2 orc wizards (D:3)
  4 gnolls
  5 adders
  2 worms
  3 dart slugs
  13 orcs
  4 bats
  6 endoplasms
  3 giant cockroaches
  10 goblins
  4 hobgoblins
  2 jackals (D:1)
  4 kobolds
  2 quokkas (D:2)
  7 ball pythons
  2 frilled lizards
  A jackal skeleton (D:4)
  3 rats
  A bush (D:2)
81 creatures vanquished.

Vanquished Creatures (others)
  7 plants (D:2)
7 creatures vanquished.

Grand Total: 88 creatures vanquished

Notes
Turn   | Place    | Note
-------+----------+-------------------------------------------
     0 | D:1      | Gwenloh the Demigod Warper began the quest for the Orb.
     0 | D:1      | Reached XP level 1. HP: 17/17 MP: 5/5
    23 | D:1      | Reached skill level 2 in Axes
   247 | D:1      | Reached XP level 2. HP: 17/24 MP: 7/7
   590 | D:1      | Learned a level 2 spell: Blink
   814 | D:1      | Reached skill level 3 in Axes
  1685 | D:2      | Reached XP level 3. HP: 25/29 MP: 8/8
  1861 | D:2      | You fall into a shaft and drop 2 floors!
  1861 | D:4      | Noticed Sigmund
  1873 | D:4      | Killed Sigmund
  1874 | D:4      | Reached skill level 5 in Axes
  1874 | D:4      | Reached skill level 1 in Armour
  1874 | D:4      | Reached XP level 4. HP: 12/36 MP: 9/9
  1874 | D:4      | Reached XP level 5. HP: 14/41 MP: 10/10
  2777 | D:2      | Noticed a necrophage
  2789 | D:2      | Killed a necrophage
  3737 | D:3      | Reached XP level 6. HP: 39/48 MP: 11/11
  5854 | D:5      | Entered Level 5 of the Dungeon
  6076 | D:4      | HP: 2/48 [scorpion (4)]
  6076 | D:4      | Slain by a scorpion

Illustrated notes

Levels and vault maps discovered:
D:1:      lemuel_arrival_muddy, layout_loops_ring
D:2:      layout_loops_ring, basic_altar, serial_forest,
          infiniplex_forest_straight_2, infiniplex_forest_corner_1,
          infiniplex_forest_zigzag_1, infiniplex_forest_straight_2,
          infiniplex_forest_straight_3, infiniplex_forest_lined_1,
          infiniplex_forest_end_3, infiniplex_forest_clump_tiny,
          infiniplex_forest_straight_2, dreamdust_ecumenical_altar_statues
D:3:      layout_loops_ring
D:4:      layout_basic, fedhas_altar_3, grunt_temple_overflow_open, uniq_sigmund
D:5:      layout_gridville, chequers_temple_overflow_statue_of_worship,
          minmay_temple_entry_nine_rooms

Skill      XL: |  1  2  3  4  5  6 |
---------------+-------------------+-----
Axes           | 2 3 5 |  5.9
Armour         | 1 2 3 |  3.1
Dodging        | 2 |  2.0
Fighting       | 2 |  2.0
Throwing       | |  0.8
Spellcasting   | |  1.7
Translocations | |  2.6

Action                   |  1- 3 |  4- 6 || total
-------------------------+-------+-------++-------
Melee: War axe           |   111 |   328 ||   439
       Hand axe          |     7 |       ||     7
Throw: Boomerang         |     2 |    19 ||    21
  Use: Scroll            |       |     4 ||     4
       Potion            |       |     1 ||     1
 Stab: Sleeping          |     1 |       ||     1
Armor: Leather armour    |    42 |     4 ||    46
       Ring mail         |       |    57 ||    57
Dodge: Dodged            |    85 |   144 ||   229
